 Dungeon Crawl Stone Soup version 0.27.0-1-g7a089689b8 (webtiles) character file.

Game seed: 15466839350530714390

154 mainiacjoe the Insei (level 5, -1/37 HPs)
             Began as a Merfolk Transmuter on Aug 8, 2021.
             Was a Believer of Uskayaw.
             Slain by an orc wizard (3 damage)
             ... on level 4 of the Dungeon.
             The game lasted 00:06:54 (4584 turns).

mainiacjoe the Insei (Merfolk Transmuter)           Turns: 4584, Time: 00:06:56

Health: -1/37      AC:  5    Str: 12    XL:     5   Next: 36%
Magic:  7/8        EV: 11    Int: 12    God:    Uskayaw [**....]
Gold:   137        SH:  0    Dex: 14    Spells: 5/8 levels left

rFire    . . .     SeeInvis .     - Unarmed
rCold    . . .     Faith    .   (no shield)
rNeg     . . .     Spirit   .   k - +0 ring mail
rPois    .         Reflect  .   (helmet currently unavailable)
rElec    .         Harm     .   (no cloak)
rCorr    .         Rampage  .   (no gloves)
Will     .....                  (boots currently unavailable)
Stlth    +.........             (no amulet)
HPRegen  0.12/turn              (no ring)
MPRegen  0.11/turn              (no ring)

@: appendages
A: horns 2, (nimble swimmer 2), mertail
a: End Transformation, Renounce Religion, Stomp, Line Pass


You were on level 4 of the Dungeon.
You worshipped Uskayaw.
Uskayaw was noncommittal.
You had temporarily grown beastly horns.
You visited 1 branch of the dungeon, and saw 4 of its levels.

You collected 137 gold pieces.

Inventory:

Missiles
 d - 48 stones (quivered)
 f - 15 sling bullets
 l - 21 arrows
 p - 8 poisoned darts
Armour
 a - a +0 robe
 k - a +0 ring mail (worn)
 m - a +0 kite shield
Wands
 n - a wand of flame (6)
Scrolls
 b - a scroll of noise {unknown}
 e - a scroll of vulnerability {unknown}
 g - 2 scrolls of enchant weapon {unknown}
 h - 2 scrolls of amnesia {unknown}
 j - 2 scrolls of identify {unknown}
Potions
 c - a potion of haste {unknown}
 i - 2 potions of mutation {unknown}
 o - a potion of lignification {unknown}


   Skills:
 - Level 1.1 Fighting
 - Level 2.6 Dodging
 * Level 5.2 Unarmed Combat
 - Level 2.0 Spellcasting
 + Level 4.2 Transmutations
 + Level 2.0 Invocations


You had 5 spell levels left.
You knew the following spells:

 Your Spells              Type           Power      Damage    Failure   Level
a - Beastly Appendage     Tmut           22%        N/A       11%         1
b - Wereblood             Tmut           11%        N/A       16%         2

Your spell library contained the following spells:

 Spells                   Type           Power      Damage    Failure   Level
 Animate Skeleton         Necr           2%         N/A       52%         1
 Apportation              Tloc           2%         N/A       52%         1
 Corona                   Hex            1%         N/A       52%         1
 Summon Small Mammal      Summ           4%         N/A       52%         1
 Spider Form              Tmut/Pois      3%         N/A       61%         3
 Ice Form                 Ice/Tmut       6%         N/A       95%         4


Dungeon Overview and Level Annotations

Branches:
Dungeon (4/15)
 Temple: D:4-7

Altars:
Uskayaw
Xom


Innate Abilities, Weirdness & Mutations

You have temporarily grown beastly horns.
((You are quick and stealthy near water. (Stealth+, EV+, Speed+++)))
Your lower body shifts to a powerful aquatic tail in water.


Message History

The ogre shouts!
You hit the orc wizard but do no damage.
Your headbutt misses the orc wizard.
The orc wizard is moderately wounded.
The orc wizard barely misses you.
You barely miss the orc wizard.
You headbutt the orc wizard, but do no damage.
The orc wizard is moderately wounded.
The orc priest looks braver for a moment.
The orc wizard closely misses you.
You barely miss the orc wizard.
The orc wizard is moderately wounded.
The orc priest calls upon Beogh to heal the orc wizard.
The orc wizard's wounds heal themselves!
The orc wizard hits you with a +1 dagger of venom.
Casting: Beastly Appendage (safe; 11% risk of failure)
Confirm with . or Enter, or press ? or * to list all spells.
You extend your transformation's duration.
The orc hits you with a +0 hand axe. The orc wizard barely misses you.
You barely miss the orc priest. Your punch misses the orc priest.
The orc wizard closely misses you.
The orc priest casts a cantrip, but nothing happens.
You hit the orc priest. You headbutt the orc priest.
The orc priest is moderately wounded.
The orc hits you but does no damage. The orc hits you with a +0 hand axe.
The orc wizard barely misses you. The orc priest barely misses you.
You can now pass through a line of other dancers.
You hit the orc priest.
The orc priest is heavily wounded.
The orc hits you with a +0 hand axe. The orc closely misses you.
The orc wizard gestures at you while chanting.
You resist with some effort. The orc priest hits you with a +0 club.
You barely miss the orc priest.
The orc priest is heavily wounded.
The orc barely misses you. The orc hits you with a +0 hand axe.
The ogre hits you with a +0 giant club!!
Ouch! That really hurt!
* * * LOW HITPOINT WARNING * * *
The orc wizard hits you with a +1 dagger of venom.
You die...

.# . .# #.## .
### #..#####..
....##((.......
#.....Ooo..#
#.o@o# ##.###
#.. ..## ###


You could see an ogre, an orc priest, an orc wizard and 2 orcs.

Vanquished Creatures
  Natasha (thrice) (D:3)
  4 adders
  3 orcs
  2 endoplasms
  A giant cockroach (D:1)
  3 goblins (D:1)
  2 hobgoblins
  5 quokkas
  6 ball pythons
  7 bats
  3 frilled lizards
  4 kobolds
  2 rats
45 creatures vanquished.

Notes
Turn   | Place    | Note
-------+----------+-------------------------------------------
     0 | D:1      | mainiacjoe the Merfolk Transmuter began the quest for the
                  | Orb.
     0 | D:1      | Reached XP level 1. HP: 15/15 MP: 3/3
   110 | D:1      | Reached XP level 2. HP: 17/21 MP: 5/5
   113 | D:1      | Learned a level 2 spell: Wereblood
   254 | D:1      | Found a faded altar of an unknown god.
   638 | D:1      | Became a worshipper of Uskayaw the Reveller
   638 | D:1      | Reached * piety under Uskayaw
   647 | D:1      | Reached skill level 4 in Unarmed Combat
   655 | D:1      | Reached ** piety under Uskayaw
  1040 | D:2      | Reached XP level 3. HP: 26/26 MP: 4/6
  1933 | D:2      | HP: 1/26 [adder (2)]
  1938 | D:2      | Reached skill level 1 in Invocations
  2488 | D:3      | Noticed Natasha
  2505 | D:3      | Killed Natasha
  2506 | D:3      | Reached XP level 4. HP: 24/32 MP: 7/7
  2520 | D:3      | Noticed Natasha
  2535 | D:3      | Killed Natasha
  2557 | D:3      | Noticed Natasha
  2810 | D:3      | Killed Natasha
  2811 | D:3      | Reached skill level 5 in Unarmed Combat
  2811 | D:3      | Reached XP level 5. HP: 10/37 MP: 8/8
  4455 | D:3      | Found a shimmering altar of Xom.
  4576 | D:4      | Noticed an ogre
  4584 | D:4      | Slain by an orc wizard

Illustrated notes

Levels and vault maps discovered:
D:1:      erik_arrival_blinker_ship, layout_loops_ring, basic_ecumenical_altar,
          corexii_corridor_pit
D:2:      layout_basic
D:3:      layout_basic, lemuel_tele_altar, kennysheep_generic_room_13,
          uniq_natasha
D:4:      layout_layer_cave, kennysheep_little_box, lemuel_round_altar,
          minivault_23

Skill      XL: |  1  2  3  4  5 |
---------------+----------------+-----
Transmutations | 3 4 |  4.2
Unarmed Combat | 4 5 |  5.2
Invocations    | 1 2 |  2.0
Fighting       | |  1.1
Dodging        | |  2.6
Spellcasting   | |  2.0

Action                   |  1- 3 |  4- 6 || total
-------------------------+-------+-------++-------
Melee: Unarmed           |   105 |    75 ||   180
       Headbutt          |     5 |     7 ||    12
       Punch             |     1 |     1 ||     2
Throw: Stone             |    13 |    28 ||    41
 Cast: Beastly Appendage |    10 |     5 ||    15
  Use: Potion            |     2 |       ||     2
 Stab: Sleeping          |     1 |       ||     1
Armor: Robe              |    20 |       ||    20
       Ring mail         |     5 |    17 ||    22
Dodge: Dodged            |    68 |    29 ||    97
Block: Kite shield       |       |    20 ||    20
